Unix NetHack Version 5.0.0-0 post-release - last build May 30 2026 05:04:26 (55804bc15828dd6e32e9076e0726aa6fccb6e981,branch:main).

Game began 2026-05-30 14:56:59, ended 2026-05-30 15:50:49.

IanCurtis, chaotic male elven Wizard

         ----
       ---..|
      --....--   -----
      |......-----.|.--
      --..............--
       |...[...........|
       |)).)...........|               ----
       |)^.............|----   ----- .....-
       --<.^..[).......--..--  |..@....|
        |.|.................####.......|
       --.|................-| |`.................
     ---....................-- --.|..................-
    --...|...................|   --- .| ............--
   --..----.|(|.--..........--       -- -- .........-
   |..-|  --------..........----           | .--- ...-
   |...|        |..............|              |   --
   |...-- -------..............^.-
   |-...---..*................----
   |........---------.|....----
   |..-------       ----..--
   ----                ----
IanCurtis the Thaumaturge  St:10 Dx:17 Co:14 In:18 Wi:10 Ch:9  Chaotic
Dlvl:8  $:254 HP:0(30) Pw:33(51) AC:8  Xp:6 T:2614  Burdened Blind

Latest messages:
 A gush of water hits the iguana on the head!
 You have a little trouble lifting a candle.  Continue? [ynq] (q) y
 You have a little trouble lifting R - a candle.
 Your movements are slowed slightly because of your load.
 You see here a hooded cloak.
 You miss the iguana.
 The housecat misses the iguana.
 You kill the iguana!
 The housecat picks up a dagger.
 The housecat drops a dagger.
 You see here a black gem.
 What do you want to use or apply? [cdfk-nBIJR or ?*] d
 You now wield an uncursed pick-axe.
 In what direction do you want to dig? [kulnj>] l
 You start digging.
 You hit the rock with all your might.
 You make an opening in the wall.
 You start digging.
 You hit the rock with all your might.
 You succeed in cutting away some rock.
 You start digging.
 You hit the rock with all your might.
 You make an opening in the wall.
 You start digging.
 You hit the rock with all your might.
 You make an opening in the wall.
 The hobbit throws an elven dagger!
 The elven dagger hits the gnome.
 The gnome hits!
 The gnome hits!
 The housecat misses the raven.
 The raven bites!
 The raven blinds you!
 You hear some noises.
 It hits!
 It bites!
 It hits!
 It hits!
 It bites!
 You begin bashing monsters with your pick-axe.
 You hit it.
 It bites!
 It hits!
 It misses!
 It hits!
 It bites!
 It hits!
 It bites!
 You die...
 Do you want your possessions identified? [ynq] (y) q

Inventory:
 Coins    ('$')
  $ - 254 gold pieces
 Amulets  ('"')
  q - a cursed amulet of restful sleep
 Weapons  (')')
  a - a blessed +1 quarterstaff
 Armor    ('[')
  K - an uncursed +0 orcish helm (being worn)
  b - a blessed +0 cloak of magic resistance (being worn)
 Comestibles  ('%')
  G - an uncursed candy bar labeled "Wonka Bar"
  o - 4 uncursed food rations
  F - an uncursed tripe ration
  Q - an uncursed lizard corpse
 Scrolls  ('?')
  L - 3 uncursed scrolls of blank paper
  v - an uncursed scroll of confuse monster
  P - an uncursed scroll of create monster
  w - an uncursed scroll of enchant armor
  i - 3 uncursed scrolls of identify
  y - a cursed scroll of identify
  N - an uncursed scroll of light
  j - an uncursed scroll of magic mapping
  M - an uncursed scroll of teleportation
 Spellbooks  ('+')
  l - an uncursed spellbook of detect food
  B - a blessed spellbook of force bolt
 Potions  ('!')
  g - an uncursed diluted potion of confusion
  h - an uncursed potion of gain ability
  D - a cursed potion of monster detection
  f - an uncursed potion of oil
  E - an uncursed potion of speed
  r - an uncursed potion of water
 Rings    ('=')
  s - a cursed ring of aggravate monster named cursed
  O - an uncursed ring of free action
  H - an uncursed +1 ring of gain constitution
  A - an uncursed ring of levitation
  e - an uncursed ring of slow digestion (on right hand)
 Wands    ('/')
  c - a wand of speed monster (0:4)
  I - a wand of teleportation (0:8)
 Tools    ('(')
  n - an uncursed wooden flute
  k - an uncursed lock pick
  m - a magic marker (0:22)
  J - an uncursed oil lamp
  d - a +0 pick-axe (weapon in right hand)
  R - a blessed tallow candle

IanCurtis the Wizard's attributes:

Background:
 You were a Thaumaturge, a level 6 male elven Wizard.
 You were chaotic, on a mission for Anhur
 who was opposed by Ptah (lawful) and Thoth (neutral).
 You were right-handed.
 You were in the Gnomish Mines, on level 8.
 You entered the dungeon 2614 turns ago.
 You had 475 experience points, 165 more were needed to attain level 7.

Basics:
 You had 0 out of 30 hit points.
 You had 33 out of 51 energy points (spell power).
 Your armor class was 8.
 Your wallet contained 254 zorkmids.
 Autopickup was off.

Final Characteristics:
 Your strength was 10 (limit:18).
 Your dexterity was 17 (limit:18).
 Your constitution was 14 (limit:16).
 Your intelligence was 18 (limit:20).
 Your wisdom was 10 (limit:20).
 Your charisma was 9 (limit:18).

Final Status:
 You were temporarily blind.
 You weren't hungry.
 You were burdened; movement was slightly slowed.
 You were wielding a pick-axe.
 You had no skill with pick-axe.

Final Attributes:
 You were piously aligned.
 You were magic-protected.
 You were sleep resistant.
 You had infravision.
 You had slower digestion.
 You were warded.
 You are dead.

Miscellaneous:
 You didn't encounter any bones levels.
 Total elapsed playing time was 51 minutes and 4 seconds.

Major events:
 Turn
    1: IanCurtis the chaotic male elven Wizard entered the dungeon
 1296: entered the Gnomish Mines
 1308: attained the rank of Conjurer (level 3)
 1517: reached Mine Town
 2206: attained the rank of Thaumaturge (level 6)
 2614: killed by a raven

Spells:
 Name                 Level Category     Fail Retention
 force bolt             1   attack         0%   81%-90%
 detect food            2   divination    59%  76%-100%

Skills:
 Fighting Skills
   bare handed combat [Unskilled]
   riding             [Unskilled]
 Weapon Skills
   dagger             [Unskilled]
   knife              [Unskilled]
   axe                [Unskilled]
   short sword        [Unskilled]
   club               [Unskilled]
   mace               [Unskilled]
   quarterstaff       [Basic]
   polearms           [Unskilled]
   spear              [Unskilled]
   trident            [Unskilled]
   sling              [Unskilled]
   dart               [Unskilled]
   shuriken           [Unskilled]
 Spellcasting Skills
   attack spells      [Basic]
   healing spells     [Unskilled]
   divination spells  [Unskilled]
   enchantment spells [Basic]
   clerical spells    [Unskilled]
   escape spells      [Unskilled]
   matter spells      [Unskilled]

Voluntary challenges:
 Character rerolling was not enabled.
 You were illiterate.
 You never genocided any monsters.
 You never polymorphed an object.
 You never changed form.
 You used no wishes.
Achievements:
 You entered the Gnomish Mines.
 You attained the rank of Conjurer.
 You entered Minetown.
 You entered a shop.
 You entered a temple.
 You attained the rank of Thaumaturge.

 The Dungeons of Doom: levels 1 to 4
    Level 1:
    Level 2:
       A grave.
    Level 3:
       Stairs down to The Gnomish Mines.
    Level 4:
 The Gnomish Mines: levels 4 to 8
    Level 4:
    Level 5:
    Level 6:
    Level 7:
       Many shops, a temple and an altar, some fountains.
    Level 8: <- You were here.
       Final resting place for
          you, killed by a raven.


Vanquished creatures:
  a small mimic
  2 lizards
  a dwarf leader
  a dust vortex
  3 Uruk-hai
  a rock piercer
  2 gnome leaders
  2 gnomish wizards
  a paper golem
  5 dwarves
  2 rothes
  a monkey
  3 dwarf zombies
  3 iguanas
  2 coyotes
  2 hobbits
  a large kobold
  a giant rat
 20 gnomes
  a gecko
  5 jackals
  a kobold
  a goblin
  3 sewer rats
  3 grid bugs
  a lichen
  a kobold zombie
  6 newts
76 creatures vanquished.

No species were genocided or became extinct.

Game over:
                       ----------
                      /          \
                     /    REST    \
                    /      IN      \
                   /     PEACE      \
                  /                  \
                  |    IanCurtis     |
                  |      254 Au      |
                  |   killed by a    |
                  |      raven       |
                  |                  |
                  |                  |
                  |       2026       |
                 *|     *  *  *      | *
        _________)/\\_//(\/(/\)/\//\/|_)_______

Goodbye IanCurtis the Wizard...

You died in The Gnomish Mines on dungeon level 8 with 2479 points,
and 254 pieces of gold, after 2614 moves.
You were level 6 with a maximum of 30 hit points when you died.

